 Dungeon Crawl Stone Soup version 0.24-a0-361-g57161393b2 (webtiles) character file.

Game seed: 12635541337531278888

202 HAL9000 the Cutter (level 5, -28/26 HPs)
             Began as a Vine Stalker Assassin on May 26, 2019.
             Killed from afar by a wretched star (30 damage)
             ... with an orb of energy
             ... on level 1 of the Abyss.
             The game lasted 00:03:48 (2001 turns).

HAL9000 the Cutter (Vine Stalker Assassin)          Turns: 2001, Time: 00:03:48

Health: -28/26     AC:  5    Str: 15    XL:     5   Next: 80%
Magic:  0/6        EV: 11    Int: 11    God:
Gold:   115        SH:  0    Dex: 15    Spells: 4/4 levels left

rFire    . . .     SeeInvis .   a - +2 dagger
rCold    . . .     Gourm    .   (no shield)
rNeg     . . .     Faith    .   b - +0 robe
rPois    .         Spirit   +   (no helmet)
rElec    .         Reflect  .   c - +0 cloak
rCorr    .         Harm     .   l - +0 pair of gloves
MR       .....                  j - +0 pair of boots
Stlth    +++.......             (no amulet)
HPRegen  0.48/turn              (no ring)
MPRegen  0.10/turn              (no ring)

@: no status effects
A: fangs 2, regeneration 1, magic shield, antimagic bite, no potion heal 3, rot
immunity
a: no special abilities


You were on level 1 of the Abyss.
You were hungry.

You visited 1 branch of the dungeon, and saw 3 of its levels.
You visited the Abyss 1 time.

You collected 115 gold pieces.

Inventory:

Hand Weapons
 a - a +2 dagger (weapon)
Missiles
 d - 8 poisoned darts (quivered)
 e - 2 curare-tipped darts
Armour
 b - a +0 robe (worn)
 c - a +0 cloak (worn)
 j - a +0 pair of boots (worn)
 l - a +0 pair of gloves (worn)
Jewellery
 k - an uncursed ring of flight {unknown}
Scrolls
 g - 3 scrolls of identify {unknown}
 o - a scroll of teleportation {unknown}
 p - a scroll of enchant armour {unknown}
 r - 2 scrolls of remove curse {unknown}
Potions
 h - 3 potions of magic {unknown}
 i - a potion of degeneration {unknown}
 m - 2 potions of might {unknown}
 q - a potion of flight {unknown}
Comestibles
 f - 8 rations
 n - 3 chunks of flesh


   Skills:
 - Level 1.7 Fighting
 + Level 5.3 Short Blades
 - Level 1.7 Throwing
 - Level 0.7 Dodging
 - Level 4.8 Stealth


You had 4 spell levels left.
You didn't know any spells.
Your spell library was empty.

Dungeon Overview and Level Annotations

Branches:
Dungeon (3/15)

Altars:
Vehumet


Innate Abilities, Weirdness & Mutations

You have extremely sharp teeth.
Your natural rate of healing is unusually fast.
When hurt, damage is shared between your health and your magic reserves.
Your bite disrupts and absorbs the magic of your enemies.
Potions cannot restore your health.
You are immune to rotting.


Message History

Unknown command.
You start resting.
Magic restored.
You start resting.
HP restored.
A wight comes into view. It is wielding a +0 flail.
A wight comes into view. It is wielding a +0 dire flail.
Found a scroll labeled WITORY OHU.
A wretched star comes into view.
A large abomination comes into view.
You are feeling hungry.
An iron imp comes into view.
The wretched star glows turbulently.
The orb of energy hits you!!
Ouch! That really hurt!
* * * LOW HITPOINT WARNING * * *
The wretched star glows turbulently.
The orb of energy hits you!!
Ouch! That really hurt!
You die...

..###. .....#..
.....X. .....# ..
...# ..# ##.## #.##
##?*.###. .##
#@....#.....#.
#......##...........
#...#....#........#
#. #....##..#...#
#..##....##.##
##.#.#.#.#...## #.#
## ......#..
#.##.#.... .....
###.#.##)#.....#.


You could see a wretched star and a large abomination (wandering).

Vanquished Creatures
  Natasha (thrice) (D:2)
  A worker ant (D:2)
  A gnoll (D:2)
  6 adders
  A leopard gecko (D:2)
  2 ball pythons
  6 bats
  2 giant cockroaches
  5 goblins
  6 hobgoblins
  5 kobolds
  A quokka (D:2)
  A frilled lizard (D:2)
  6 rats
46 creatures vanquished.

Notes
Turn   | Place    | Note
-------+----------+-------------------------------------------
     0 | D:1      | HAL9000 the Vine Stalker Assassin began the quest for the
                  | Orb.
     0 | D:1      | Reached XP level 1. HP: 11/11 MP: 2/2
    73 | D:1      | Reached skill level 2 in Short Blades
   353 | D:1      | Reached XP level 2. HP: 15/15 MP: 3/3
   867 | D:2      | Reached skill level 3 in Short Blades
   872 | D:2      | Reached XP level 3. HP: 16/18 MP: 4/4
   904 | D:2      | Gained mutation: Your natural rate of healing is unusually
                  | fast. [Vine Stalker growth]
   904 | D:2      | Reached XP level 4. HP: 16/23 MP: 5/5
  1009 | D:2      | Reached skill level 4 in Short Blades
  1280 | D:2      | Noticed Natasha
  1283 | D:2      | Killed Natasha
  1283 | D:2      | Reached XP level 5. HP: 26/26 MP: 6/6
  1437 | D:2      | Noticed Natasha
  1455 | D:2      | Killed Natasha
  1480 | D:2      | Found a radiant altar of Vehumet.
  1625 | D:2      | Noticed Natasha
  1717 | D:2      | Killed Natasha
  1717 | D:2      | Reached skill level 5 in Short Blades
  1909 | D:3      | HP: 1/26 [gnoll/+4 mace of distortion (3)]
  1933 | D:3      | HP: 1/26 [gnoll/+4 mace of distortion (12)]
  1933 | D:3      | Cast into level 1 of the Abyss (gnoll)
  1997 | Abyss:1  | Noticed a wretched star
  1998 | Abyss:1  | Noticed a large abomination
  2001 | Abyss:1  | Killed from afar by a wretched star

Levels and vault maps discovered:
D:1:      dpeg_arrival_renting, layout_basic, minmay_misc_feat_columns,
          minmay_hedge_maze
D:2:      layout_rooms, lemuel_doored_altar, first_ration,
          wad_floor_pattern_untrapped, minmay_pentomino_q4, uniq_natasha
D:3:      layout_basic, fedhas_altar_2
Abyss:1

Skill      XL: |  1  2  3  4  5 |
---------------+----------------+-----
Short Blades   | 2 3 4 5 |  5.3
Fighting       | |  1.7
Throwing       | |  1.7
Dodging        | |  0.7
Stealth        | |  4.8

Action                   |  1- 3 |  4- 6 || total
-------------------------+-------+-------++-------
Melee: Dagger            |    58 |   102 ||   160
       Bite              |    13 |    25 ||    38
 Stab: Sleeping          |     7 |     6 ||    13
  Eat: Chunk             |       |     3 ||     3
Armor: Robe              |    14 |    19 ||    33
Dodge: Dodged            |    26 |    43 ||    69

Table legend:
 A = Non-vault XP
 B = Vault XP
 C = Vault XP percentage of total XP
 D = Non-vault monster count
 E = Vault monster count
 F = Vault count percentage of total count
                 A         B        C        D         E       F
            +---------+---------+-------+---------+---------+-------
      Total |     239 |      50 |  17.3 |      43 |       3 |   6.5
            +---------+---------+-------+---------+---------+-------
        D:1 |      25 |       0 |   0.0 |      15 |       0 |   0.0
        D:2 |     182 |      50 |  21.6 |      22 |       3 |  12.0
        D:3 |      32 |       0 |   0.0 |       6 |       0 |   0.0
            +---------+---------+-------+---------+---------+-------
